 Dungeon Crawl Stone Soup version 0.28.0 (webtiles) character file.

Game seed: 17428121677996549637

28 PoweredByGinger the Chopper (level 3, 27/27 HPs)
             Began as a Demonspawn Gladiator on Feb 7, 2022.
             Quit the game on level 1 of the Dungeon.
             The game lasted 00:00:48 (523 turns).

PoweredByGinger the Chopper (Demonspawn Gladiator)   Turns: 523, Time: 00:00:49

Health: 27/27      AC:  3    Str: 16    XL:     3   Next: 0%
Magic:  3/3        EV: 12    Int:  9    God:
Gold:   39         SH:  0    Dex: 16    Spells: 2/2 levels left

rFire   . . .      SeeInvis .   a - +0 war axe
rCold   . . .      Faith    .   (no shield)
rNeg    . . .      Spirit   .   b - +0 leather armour
rPois   .          Reflect  .   (helmet restricted)
rElec   .          Harm     .   (no cloak)
rCorr   .          Rampage  .   (no gloves)
Will    .....                   (no boots)
Stlth   ++........              (no amulet)
HPRegen 0.09/turn               (no ring)
MPRegen 0.08/turn               (no ring)

@: no status effects
A: horns 1, thin skeletal structure 1
a: no special abilities


You were on level 1 of the Dungeon.
You visited 1 branch of the dungeon, and saw 1 of its levels.

You collected 39 gold pieces.

Inventory:

Hand Weapons
 a - a +0 war axe (weapon)
Missiles
 d - 3 throwing nets (quivered)
 j - 6 poisoned darts
 k - 17 arrows
Armour
 b - a +0 leather armour (worn)
 c - a +0 helmet
Jewellery
 i - an amulet of regeneration
Scrolls
 e - a scroll of fog {unknown}
 l - a scroll of holy word {unknown}
 m - 3 scrolls of identify {unknown}
 n - a scroll of amnesia {unknown}
Potions
 f - a potion of attraction {unknown}
 g - 2 potions of magic {unknown}
 h - a potion of brilliance {unknown}


   Skills:
 - Level 2.0 Fighting
 + Level 3.8 Axes
 - Level 1.7 Throwing
 + Level 0.1 Armour
 - Level 2.6 Dodging


You had 2 spell levels left.
You didn't know any spells.
Your spell library was empty.

Dungeon Overview and Level Annotations

Branches:
Dungeon (1/15)

Altars:


Innate Abilities, Weirdness & Mutations

You have a pair of small horns on your head.
You have a somewhat thin skeletal structure. (Dex +2, Stealth+)


Message History

The goblin hits you but does no damage. The frilled lizard closely misses you.
There are monsters nearby!
There are monsters nearby!
You slash the goblin!
You kill the goblin!
You closely miss the goblin. You miss the frilled lizard.
The goblin misses you. The frilled lizard barely misses you.
The goblin barely misses you. The frilled lizard barely misses you.
You hit the goblin.
The goblin is heavily wounded.
You closely miss the frilled lizard. The goblin hits you but does no damage.
The frilled lizard bites you but does no damage.
You barely miss the goblin.
The goblin is heavily wounded.
You hit the frilled lizard.
You kill the frilled lizard!
The goblin closely misses you.
You closely miss the goblin.
The goblin is heavily wounded.
The goblin hits you but does no damage. x2
You hit the goblin.
The goblin is severely wounded.
The goblin hits you but does no damage.
You slash the goblin!
You kill the goblin!
You have reached level 3!
Your experience leads to an increase in your attributes!
Increase (S)trength, (I)ntelligence, or (D)exterity?
You feel stronger. x2; Your demonic ancestry asserts itself...
A pair of horns grows on your head!
Your +0 helmet falls away!
You see here a +0 dagger.
Things that are here:
a +0 dagger; a goblin corpse You see here a +0 dagger.
You now have 39 gold pieces (gained 8).
You open the large door.
A goblin comes into view. It is wielding a +0 club.
Found a robe.
Are you sure you want to abandon this character and quit the game? (Confirm with "yes".)

#.# #.# #.# #.#
#.# #.. #.# ...
#.# ... #.# # ...
#.######### ...
#.##).....##g.[..
#..')....@''.....
####......##.....
# #......# ...
#......# .
#......# ########


You could see a goblin (asleep).

Vanquished Creatures
  An endoplasm (D:1)
  A hobgoblin (D:1)
  4 jackals (D:1)
  2 quokkas (D:1)
  A ball python (D:1)
  4 bats (D:1)
  3 frilled lizards (D:1)
  5 goblins (D:1)
  4 kobolds (D:1)
  2 rats (D:1)
27 creatures vanquished.

Notes
Turn   | Place    | Note
-------+----------+-------------------------------------------
     0 | D:1      | PoweredByGinger the Demonspawn Gladiator began the quest
                  | for the Orb.
     0 | D:1      | Reached XP level 1. HP: 16/16 MP: 1/1
    70 | D:1      | Reached skill level 3 in Axes
    75 | D:1      | Gained mutation: You have a somewhat thin skeletal
                  | structure. (Dex +2, Stealth+) [demonic ancestry]
    75 | D:1      | Reached XP level 2. HP: 19/22 MP: 2/2
   431 | D:1      | Found a faded altar of an unknown god.
   512 | D:1      | Gained mutation: You have a pair of small horns on your
                  | head. [demonic ancestry]
   512 | D:1      | Reached XP level 3. HP: 27/27 MP: 3/3
   523 | D:1      | Quit the game

Illustrated notes

Levels and vault maps discovered:
D:1:      erik_arrival_triangle_medium, layout_basic,
          chequers_ecumenical_altar_simple, minmay_misc_feat_nine_boxes,
          minmay_hexomino_u4

Skill      XL: |  1 |
---------------+----+-----
Axes           | 3 |  3.8
Fighting       | |  2.0
Throwing       | |  1.7
Armour         | |  0.1
Dodging        | |  2.6

Action                   || total
-------------------------++-------
Melee: War axe           ||    48
 Stab: Sleeping          ||     1
Armor: Leather armour    ||    28
Dodge: Dodged            ||    50
